 Seeded DCSS version 0.25-a0-464-g3004169 (webtiles) character file.

Game seed: 6182461587212440505, levelgen mode: deterministic

419 BigChef the Bolt Thrower (level 6, -1/72 HPs)
             Began as a Barachi Hunter on Feb 4, 2020.
             Was a Follower of Fedhas.
             Slain by a gnoll
             ... wielding a +5 spear
              (8 damage)
             ... on level 3 of the Dungeon.
             The game lasted 00:07:26 (2081 turns).

BigChef the Bolt Thrower (Barachi Hunter)           Turns: 2081, Time: 00:07:26

Health: -1/72      AC: 23    Str: 14    XL:     6   Next: 93%
Magic:  6/6        EV:  2    Int: 11    God:    Fedhas [*.....]
Gold:   96         SH:  0    Dex: 14    Spells: 5/5 levels left

rFire    . . .     SeeInvis .   b - +0 short sword
rCold    . . .     Gourm    .   (no shield)
rNeg     + + +     Faith    .   (armour currently unavailable)
rPois    +         Spirit   .   (helmet currently unavailable)
rElec    .         Reflect  .   (cloak currently unavailable)
rCorr    .         Harm     .   (gloves currently unavailable)
MR       .....     NoTele   +   (boots currently unavailable)
Stlth    ++........             (no amulet)
HPRegen  0.22/turn              (no ring)
MPRegen  0.10/turn              (no ring)

@: tree-form
A: +LOS, swims
a: Renounce Religion


You were on level 3 of the Dungeon.
You worshipped Fedhas.
Fedhas was aware of your devotion.
You were very hungry.
You were a tree.
You visited 1 branch of the dungeon, and saw 3 of its levels.

You collected 96 gold pieces.

Inventory:

Hand Weapons
 a - a +2 hand crossbow
 b - a +0 short sword (weapon)
Armour
 c - a +0 leather armour
 k - a +0 ring mail of magic resistance (melded)
 o - a cursed +0 cloak (melded)
 q - a +0 pair of gloves (melded)
Scrolls
 j - 4 scrolls of teleportation
Potions
 e - a potion of agility
 i - a potion of flight
Comestibles
 f - 4 rations


   Skills:
 + Level 3.9 Fighting
 + Level 6.8 Crossbows
 + Level 3.1 Armour
 + Level 2.6 Dodging
 + Level 1.0 Stealth


You had 5 spell levels left.
You didn't know any spells.
Your spell library was empty.

Dungeon Overview and Level Annotations

Branches:
Dungeon (3/15)

Altars:
Ashenzari
Fedhas
Makhleb
Qazlal
Zin


Innate Abilities, Weirdness & Mutations

You can be seen from farther away. (+LOS)
You can swim through water.
((You cover ground slowly.))
((You can hop short distances.))


Message History

Orders for allies: a - Attack new target. p - Attack previous target. r - Retreat! s - Stop attacking. g - Guard the area. f - Follow me.
Anything else - Cancel.
Okay, then.
b - a +0 short sword (weapon)
The gnoll hits you but does no damage.
Unknown command.
There are monsters nearby!
There are monsters nearby!
There are monsters nearby!
Okay, then.
The gnoll hits you from afar with a +0 spear.
* * * LOW HITPOINT WARNING * * *
The gnoll hits you but does no damage. The gnoll hits you but does no damage.
The gnoll barely misses you. The gnoll hits you but does no damage.
The gnoll hits you from afar with a +5 spear!
You die...
Fedhas appreciates your contribution to the ecosystem.

#.............,* *
###......####*** * #########.###
**************** #.....# #.#
*,,,,,,,*,,,,,,+ #.....# #.#
*,***#,**,****** #.....# #.#
*,*,<#,**,* *
###.....###.######+##.#,**,* *
#...........#.........#,**,*
#.#.....#####.g.♣...###.#*,*
#.#((....)))).g)........#*,******
#.......#####.(.g...#####*,,,,,,,
#############.......#####********
,,.......................,,,,,,,,
≈≈≈≈≈≈≈≈≈≈≈≈≈≈≈≈....≈≈≈≈≈≈≈≈≈≈≈≈≈
≈≈≈≈≈≈≈≈≈≈≈≈≈≈≈≈....≈≈≈≈≈≈≈≈≈≈≈≈≈
***#≈≈≈≈≈≈≈≈≈≈≈≈....≈≈≈≈≈≈≈≈≈≈≈≈*
,,,#.....................,,,,,,,*


You could see 3 gnolls.

Vanquished Creatures
  An ogre (D:3)
  A gnoll shaman (D:3)
  Terence (D:2)
  2 adders (D:2)
  22 gnolls
  An ooze (D:2)
  2 dart slugs
  A leopard gecko (D:1)
  6 orcs (D:3)
  4 goblins
  3 hobgoblins
  3 jackals (D:3)
  2 bats (D:2)
  2 frilled lizards (D:1)
  5 kobolds
  4 rats
60 creatures vanquished.

Notes
Turn   | Place    | Note
-------+----------+-------------------------------------------
     0 | D:1      | BigChef the Barachi Hunter began the quest for the Orb.
     0 | D:1      | Reached XP level 1. HP: 17/17 MP: 1/1
    60 | D:1      | Reached XP level 2. HP: 23/23 MP: 2/2
   804 | D:2      | Noticed Terence
   808 | D:2      | Killed Terence
   808 | D:2      | Reached skill level 5 in Crossbows
   808 | D:2      | Reached XP level 3. HP: 28/28 MP: 3/3
   883 | D:2      | Reached skill level 1 in Stealth
  1082 | D:2      | Reached XP level 4. HP: 33/34 MP: 4/4
  1295 | D:2      | Reached skill level 1 in Armour
  1557 | D:2      | Found a shattered altar of Ashenzari.
  1559 | D:2      | Found a stormy altar of Qazlal.
  1559 | D:2      | Found a glowing silver altar of Zin.
  1569 | D:2      | Found a blossoming altar of Fedhas.
  1572 | D:2      | Found a burning altar of Makhleb.
  1672 | D:2      | Became a worshipper of Fedhas Madash
  1809 | D:3      | Reached XP level 5. HP: 40/40 MP: 5/5
  1955 | D:3      | Noticed an ogre
  1973 | D:3      | Reached skill level 6 in Crossbows
  1983 | D:3      | Reached XP level 6. HP: 27/47 MP: 6/6
  2002 | D:3      | Reached * piety under Fedhas
  2081 | D:3      | Slain by a gnoll

Levels and vault maps discovered:
D:1:      psy_arrival_whirlpool, layout_basic
D:2:      layout_basic, minmay_overflow_temple_star_hex, uniq_terence
D:3:      lemuel_castle_with_subvaults [lemuel_castle_interior_original],
          layout_basic

Skill      XL: |  1  2  3  4  5  6 |
---------------+-------------------+-----
Crossbows      | 5 6 |  6.8
Stealth        | 1 |  1.0
Armour         | 1 2 3 |  3.1
Fighting       | 3 |  3.9
Dodging        | |  2.6

Action                   |  1- 3 |  4- 6 || total
-------------------------+-------+-------++-------
 Fire: Hand crossbow     |    51 |   107 ||   158
  Use: Scroll            |       |     5 ||     5
       Potion            |       |     4 ||     4
  Eat: Chunk             |       |     3 ||     3
Armor: Ring mail         |     4 |    31 ||    35
       Skin              |       |    13 ||    13
Dodge: Dodged            |     3 |    53 ||    56

Table legend:
 A = Non-vault XP
 B = Vault XP
 C = Vault XP percentage of total XP
 D = Non-vault monster count
 E = Vault monster count
 F = Vault count percentage of total count
                 A         B        C        D         E       F
            +---------+---------+-------+---------+---------+-------
      Total |     146 |     453 |  75.6 |      36 |      24 |  40.0
            +---------+---------+-------+---------+---------+-------
        D:1 |      21 |       0 |   0.0 |      12 |       0 |   0.0
        D:2 |     106 |      36 |  25.4 |      17 |       1 |   5.6
        D:3 |      19 |     417 |  95.6 |       7 |      23 |  76.7
            +---------+---------+-------+---------+---------+-------
